 Dungeon Crawl Stone Soup version 0.31-a0-826-ga5cc291a1b (webtiles) character file.

Game seed: 2607284410980033456

802 qw the Skirmisher (level 7, -24/44 HPs)
             Began as a Gargoyle Hunter on Sept 23, 2023.
             Was an Initiate of Okawaru.
             Annihilated by an ogre
             ... wielding a +0 giant club
              (28 damage)
             ... on level 5 of the Dungeon.
             The game lasted 00:01:52 (3986 turns).

qw the Skirmisher (Gargoyle Hunter)                 Turns: 3986, Time: 00:01:53

Health: -24/44     AC: 11    Str: 15    XL:     7   Next: 91%
Magic:  7/7        EV: 11    Int:  9    God:    Okawaru [......]
Gold:   257        SH:  0    Dex: 15    Spells: 6/6 levels left

rFire   . . .        Y - +0 shortbow
rCold   + . .        (shield currently unavailable)
rNeg    + . .        g - +0 ring mail
rPois   inf          (no helmet)
rElec   +            (no cloak)
rCorr   .            c - +0 pair of gloves
SInv    .            (no boots)
Will    .....        (no amulet)
Stlth   +            i - ring of protection from cold
HPRegen 0.27/turn    (no ring)
MPRegen 0.10/turn

%: no passive effects
@: no status effects
A: sickness immunity, AC +4, negative energy resistance 1, electricity
resistance, torment resistance 1, petrification resistance
a: Renounce Religion


You were on level 5 of the Dungeon.
You worshipped Okawaru.
Okawaru was noncommittal.
You visited 2 branches of the dungeon, and saw 6 of its levels.

You collected 257 gold pieces.


Innate Abilities, Weirdness & Mutations

You are immune to sickness and miasma.
Your stone body is resilient. (AC +4)
You are immune to poison.
You resist negative energy. (rN+)
You are resistant to electric shocks. (rElec)
You are resistant to unholy torment.
You are immune to petrification.


   Skills:
 - Level 5.0 Fighting
 + Level 8.0 Ranged Weapons
 - Level 2.0 Armour
 - Level 2.2 Dodging
 - Level 1.1 Stealth


You had 6 spell levels left.
You didn't know any spells.
Your spell library was empty.

Inventory:

Hand Weapons
 Y - a +0 shortbow (weapon)
Armour
 c - a +0 pair of gloves (worn)
 g - a +0 ring mail (worn)
Jewellery
 b - a +6 ring of intelligence
 i - a ring of protection from cold (left hand)
 j - a ring of willpower
Scrolls
 e - a scroll of immolation {unknown}
 f - a scroll of identify
 k - a scroll of blinking {unknown}
Potions
 a - a potion of enlightenment
 d - 2 potions of curing
 h - a potion of resistance {unknown}

Dungeon Overview and Level Annotations

Branches:
Dungeon (5/15)             Temple (1/1) D:5

Altars:
Ashenzari
Cheibriados
Dithmenos
Fedhas
Gozag
Hepliaklqana
Kikubaaqudgha
Nemelex Xobeh
Okawaru
Qazlal
Ru
Sif Muna
Trog
Vehumet
Wu Jian
Xom
Zin
The Shining One


Message History

3976 |||
Found retreat position at -2,3 (floor) with 0 blocking monsters and 1 monsters attacking at destination at distance 4
3976 ||| Stepping ~*~*~tactically~*~*~ (retreating).
You shoot an arrow. The arrow hits the ogre.
The ogre is moderately wounded.
The ogre hits you with a +0 giant club!
Enter note:
Enter note:
Enter note:
3978 |||
Found retreat position at -2,2 (floor) with 0 blocking monsters and 1 monsters attacking at destination at distance 3
3978 ||| Stepping ~*~*~tactically~*~*~ (retreating).
Enter note:
Enter note:
Enter note:
3979 |||
Found retreat position at -2,1 (floor) with 0 blocking monsters and 1 monsters attacking at destination at distance 2 x2
3979 ||| RETREEAATING.
Enter note:
Enter note:
Enter note:
3980 |||
Found retreat position at -1,0 (floor) with 0 blocking monsters and 1 monsters attacking at destination at distance 1
3980 ||| STILL RETREEAATING.
You shoot an arrow. The arrow barely misses the ogre.
Enter note:
Enter note:
Enter note: You shoot an arrow.
The arrow hits the ogre.
The ogre is moderately wounded.
The ogre hits you with a +0 giant club!
You shoot an arrow. The arrow hits the ogre.
The ogre is heavily wounded.
The ogre closely misses you.
You shoot an arrow. The arrow hits the ogre!
The ogre is almost dead.
The ogre hits you but does no damage.
You shoot an arrow. The arrow barely misses the ogre.
The arrow hits the ogre.
The ogre is moderately wounded.
You shoot an arrow. The arrow hits the ogre.
The ogre is almost dead.
The ogre hits you with a +0 giant club!!
Ouch! That really hurt!
You die...

................. #..
..........########## ###
...........>#...(... #..
.........o#.#....... #_.
...##>...W.......... #..
#####%#W........ ### ########
#..).#......... #......#
#.####W.########## #......#
#.#.@OO.##.......#### #...!..#
#.#.##o..#.......#...
#......###.#.###..#...>...+...
#......#...#.#....#.......#...
#......#.###.##...#.......#...
#......#.# #.##...####'####...
#......#.# #..........!.......
#......#.############.........
##.............# #####.....


You could see 2 ogres, a phantom and an orc priest.

Vanquished Creatures
  A black bear (D:4)
  2 ice beasts (D:5)
  A bullfrog (D:5)
  3 jellies
  A sleepcap (D:4)
  6 orc wizards
  7 adders
  A white imp (D:5)
  A worm (D:3)
  3 dart slugs
  11 orcs
  6 endoplasms
  2 giant cockroaches
  11 goblins
  3 hobgoblins
  4 jackals (D:4)
  A quokka (D:5)
  10 ball pythons
  6 bats
  11 frilled lizards
  8 kobolds
  8 rats
107 creatures vanquished.

Vanquished Creatures (others)
  An orc wizard (D:5)
1 creature vanquished.

Grand Total: 108 creatures vanquished

Notes
Turn   | Place    | Note
-------+----------+-------------------------------------------
     0 | D:1      | qw the Gargoyle Hunter began the quest for the Orb.
     0 | D:1      | Reached XP level 1. HP: 12/12 MP: 1/1
     0 | D:1      | 0 ||| qw: Version: 0.3-a-83-gcd0e7d8
     0 | D:1      | 0 ||| qw: Game counter: 1904
     0 | D:1      | 0 ||| qw: Melee chars always use a shield: true
     0 | D:1      | 0 ||| qw: God list: Okawaru
     0 | D:1      | 0 ||| qw: Allow faded altars: false
     0 | D:1      | 0 ||| qw: Do Orc after clearing Dungeon:15 true
     0 | D:1      | 0 ||| qw: Do second Lair branch before Depths: true
     0 | D:1      | 0 ||| qw: Lair rune preference: random
     0 | D:1      | 0 ||| qw: Goals: Normal
     0 | D:1      | 0 ||| PLANNING D:1-11
    75 | D:1      | 75 ||| Stepping ~*~*~tactically~*~*~ (retreating).
    89 | D:1      | HP: 3/12 [frilled lizard (2)]
    92 | D:1      | Reached XP level 2. HP: 5/17 MP: 2/2
   391 | D:1      | Reached XP level 3. HP: 21/21 MP: 3/3
   462 | D:1      | Reached skill level 5 in Ranged Weapons
   786 | D:1      | 786 ||| DRINKING 2 black potions.
   787 | D:1      | 787 ||| DROPPING scroll of butterflies.
   807 | D:2      | 807 ||| STAIRDANCE
   925 | D:2      | Found a shimmering blue altar of Sif Muna.
   931 | D:2      | Reached skill level 3 in Fighting
   931 | D:2      | Reached XP level 4. HP: 28/28 MP: 4/4
  1366 | D:2      | 1366 ||| UPGRADING to ring of protection from cold.
  1367 | D:2      | 1367 ||| READING scroll labelled ZIGGA QUPH.
  1371 | D:2      | 1371 ||| READING 3 scrolls labelled ZEAS TUSAMOATO.
  1372 | D:2      | 1372 ||| READING 2 scrolls labelled ZOIROS AVUWK.
  1373 | D:2      | 1373 ||| READING scroll labelled COXUEXOAQU.
  1374 | D:2      | 1374 ||| READING 2 scrolls of identify.
  1374 | D:2      | 1374 ||| IDENTIFYING brown potion
  1375 | D:2      | 1375 ||| DROPPING potion of brilliance.
  1376 | D:2      | 1376 ||| DROPPING scroll of vulnerability.
  1902 | D:3      | Reached XP level 5. HP: 23/32 MP: 5/5
  1999 | D:3      | Found a glowing silver altar of Zin.
  1999 | D:3      | Found an ornate altar of the Wu Jian Council.
  2016 | D:3      | Found a shadowy altar of Dithmenos.
  2019 | D:3      | Found a bloodstained altar of Trog.
  2222 | D:3      | Found a blossoming altar of Fedhas.
  2231 | D:3      | 2231 ||| UPGRADING to +0 ring mail.
  2241 | D:3      | 2241 ||| DROPPING +0 leather armour.
  2242 | D:3      | 2242 ||| READING scroll labelled ZOEPNA CEFASE.
  2343 | D:3      | 2343 ||| READING scroll labelled DIENOOGRAPP.
  2344 | D:3      | 2344 ||| READING 2 scrolls of identify.
  2344 | D:3      | 2344 ||| IDENTIFYING glowing clear potion
  2345 | D:3      | 2345 ||| DROPPING potion of attraction.
  2498 | D:4      | Reached skill level 1 in Armour
  2535 | D:4      | Noticed a black bear
  2537 | D:4      | 2537 ||| RETREEAATING.
  2538 | D:4      | 2538 ||| STILL RETREEAATING.
  2539 | D:4      | 2539 ||| STILL RETREEAATING.
  2540 | D:4      | 2540 ||| STILL RETREEAATING.
  2541 | D:4      | 2541 ||| STILL RETREEAATING.
  2542 | D:4      | 2542 ||| STILL RETREEAATING.
  2554 | D:4      | Killed a black bear
  2555 | D:4      | Reached skill level 6 in Ranged Weapons
  2555 | D:4      | Reached XP level 6. HP: 13/37 MP: 6/6
  2625 | D:4      | 2625 ||| FLEEEEING.
  2626 | D:4      | 2626 ||| FLEEEEING.
  2627 | D:4      | 2627 ||| FLEEEEING.
  2628 | D:4      | 2628 ||| FLEEEEING.
  2629 | D:4      | 2629 ||| FLEEEEING.
  2630 | D:4      | 2630 ||| FLEEEEING.
  2631 | D:4      | 2631 ||| STAIRDANCE
  2647 | D:3      | 2647 ||| UPGRADING to +0 pair of gloves.
  2652 | D:3      | 2652 ||| READING scroll labelled UDOUMP TEPO.
  2653 | D:3      | 2653 ||| DRINKING 2 ruby potions.
  2674 | D:4      | Found a stormy altar of Qazlal.
  2739 | D:4      | 2739 ||| DRINKING 4 potions of curing.
  2739 | D:4      | 2739 ||| (to cure confusion)
  3095 | D:4      | 3095 ||| READING scroll labelled AWETHY ZIUFU.
  3126 | D:5      | Entered Level 5 of the Dungeon
  3129 | D:5      | Noticed an ice beast
  3132 | D:5      | 3132 ||| RETREEAATING.
  3133 | D:5      | 3133 ||| STILL RETREEAATING.
  3135 | D:5      | 3135 ||| STAIRDANCE
  3141 | D:5      | 3141 ||| STAIRDANCE
  3153 | D:5      | 3153 ||| STAIRDANCE
  3274 | D:5      | Killed an ice beast
  3275 | D:5      | Reached skill level 7 in Ranged Weapons
  3275 | D:5      | 3275 ||| STAIRDANCE
  3398 | D:5      | Noticed an ice beast
  3413 | D:5      | Killed an ice beast
  3414 | D:5      | Reached XP level 7. HP: 24/43 MP: 7/7
  3511 | D:5      | Found a staircase to the Ecumenical Temple.
  3512 | D:5      | 3512 ||| PLANNING TEMPLE
  3512 | D:5      | 3512 ||| READING 2 scrolls of identify.
  3512 | D:5      | 3512 ||| IDENTIFYING murky orange potion
  3513 | D:5      | 3513 ||| DROPPING potion of lignification.
  3519 | Temple   | Entered the Ecumenical Temple
  3520 | Temple   | 3520 ||| PLANNING OKAWARU WORSHIP
  3528 | Temple   | Became a worshipper of Warmaster Okawaru
  3529 | Temple   | 3529 ||| PLANNING D:1-11
  3562 | D:5      | Found a sacrificial altar of Ru.
  3590 | D:5      | Found a radiant altar of Vehumet.
  3608 | D:5      | Found an ancient bone altar of Kikubaaqudgha.
  3611 | D:5      | 3611 ||| DRINKING 4 potions of curing.
  3611 | D:5      | 3611 ||| (to cure confusion)
  3647 | D:5      | Found a shimmering blue altar of Sif Muna.
  3648 | D:5      | 3648 ||| Stepping ~*~*~tactically~*~*~ (retreating).
  3653 | D:5      | 3653 ||| DRINKING 3 potions of curing.
  3653 | D:5      | 3653 ||| (to cure confusion)
  3666 | D:5      | Reached skill level 8 in Ranged Weapons
  3955 | D:5      | 3955 ||| Stepping ~*~*~tactically~*~*~ (retreating).
  3956 | D:5      | 3956 ||| Stepping ~*~*~tactically~*~*~ (retreating).
  3957 | D:5      | 3957 ||| Stepping ~*~*~tactically~*~*~ (retreating).
  3958 | D:5      | 3958 ||| Stepping ~*~*~tactically~*~*~ (retreating).
  3959 | D:5      | 3959 ||| Stepping ~*~*~tactically~*~*~ (retreating).
  3964 | D:5      | 3964 ||| Stepping ~*~*~tactically~*~*~ (retreating).
  3972 | D:5      | 3972 ||| Stepping ~*~*~tactically~*~*~ (retreating).
  3973 | D:5      | 3973 ||| Stepping ~*~*~tactically~*~*~ (retreating).
  3974 | D:5      | 3974 ||| Stepping ~*~*~tactically~*~*~ (retreating).
  3975 | D:5      | 3975 ||| Stepping ~*~*~tactically~*~*~ (retreating).
  3976 | D:5      | 3976 ||| Stepping ~*~*~tactically~*~*~ (retreating).
  3978 | D:5      | 3978 ||| Stepping ~*~*~tactically~*~*~ (retreating).
  3979 | D:5      | 3979 ||| RETREEAATING.
  3980 | D:5      | 3980 ||| STILL RETREEAATING.
  3982 | D:5      | HP: 3/44 [ogre/+0 giant club (15)]
  3986 | D:5      | Annihilated by an ogre

Levels and vault maps discovered:
D:1:      scummos_arrival_forest, layout_basic, hex_medium, minmay_lizard_king
D:2:      layout_basic, basic_altar
D:3:      layout_basic, fedhas_altar_4, grunt_temple_overflow_cloverleaf
D:4:      layout_rooms, nicolae_qazlal_scattered_showers
D:5:      layout_basic, palyth_temple_overflow_mages,
          mainiacjoe_overflow_brackets, temple_green
Temple:   nicolae_temple_superstar

Skill      XL: |  1  2  3  4  5  6  7 |
---------------+----------------------+-----
Ranged Weapons | 5 6 7 8 |  8.0
Fighting       | 3 4 5 |  5.0
Armour         | 1 2 |  2.0
Dodging        | 2 |  2.2
Stealth        | |  1.1

Action                     |  1- 3 |  4- 6 |  7- 9 || total
---------------------------+-------+-------+-------++-------
   Fire: Shortbow          |   104 |   239 |   111 ||   454
    Use: Potion            |     1 |     2 |     2 ||     5
         Scroll            |       |    10 |     1 ||    11
 Armour: Leather armour    |    38 |    33 |       ||    71
         Ring mail         |       |    93 |    77 ||   170
  Dodge: Dodged            |    42 |   105 |    24 ||   171

Table legend:
 A = Non-vault XP
 B = Vault XP
 C = Vault XP percentage of total XP
 D = Non-vault monster count
 E = Vault monster count
 F = Vault count percentage of total count
                 A         B        C        D         E       F
            +---------+---------+-------+---------+---------+-------
      Total |     947 |     200 |  17.4 |      96 |      12 |  11.1
            +---------+---------+-------+---------+---------+-------
        D:1 |      58 |       6 |   9.4 |      31 |       6 |  16.2
        D:2 |      44 |       0 |   0.0 |      13 |       0 |   0.0
        D:3 |      69 |       0 |   0.0 |      18 |       0 |   0.0
        D:4 |     283 |       0 |   0.0 |      20 |       0 |   0.0
        D:5 |     493 |     194 |  28.2 |      14 |       6 |  30.0
            +---------+---------+-------+---------+---------+-------
